 Dungeon Crawl Stone Soup version 0.29.1-15-g9cfb28693d (webtiles) character file.

Game seed: 15315476974562130123

94 CatalinOSBI the Grave Robber (level 4, 0/24 HPs)
             Began as a Deep Elf Necromancer on Apr 3, 2023.
             Succumbed to a scorpion's poison
             ... on level 4 of the Dungeon.
             The game lasted 00:16:53 (2674 turns).

CatalinOSBI the Grave Robber (Deep Elf Necromancer) Turns: 2674, Time: 00:16:53

Health: 0/24       AC:  5    Str:  5    XL:     4   Next: 38%
Magic:  8/12       EV: 12    Int: 22    God:
Gold:   201        SH:  0    Dex: 15    Spells: 8/12 levels left

rFire   . . .      SeeInvis +   g - +0 short sword (protect)
rCold   . . .      Faith    .   (no shield)
rNeg    . . .      Spirit   .   a - +0 robe
rPois   .          Reflect  .   s - +0 helmet
rElec   .          Harm     .   (no cloak)
rCorr   .          Rampage  .   i - +0 pair of gloves
Will    .....                   j - +0 pair of boots
Stlth   ++........              (no amulet)
HPRegen 0.08/turn               r - ring of see invisible
MPRegen 0.13/turn               (no ring)

@: lethally poisoned (0 -> -10)
A: no striking features
a: no special abilities


You were on level 4 of the Dungeon.
You visited 1 branch of the dungeon, and saw 4 of its levels.

You collected 201 gold pieces.

Inventory:

Hand Weapons
 c - a +2 dagger of draining
 g - a +0 short sword of protection (weapon)
 n - a +0 shortbow
Missiles
 o - 3 poisoned darts (quivered)
Armour
 a - a +0 robe (worn)
 i - a +0 pair of gloves (worn)
 j - a +0 pair of boots (worn)
 s - a +0 helmet (worn)
Jewellery
 r - a ring of see invisible (left hand)
Scrolls
 e - 4 scrolls of fear {unknown}
 f - 7 scrolls of identify {unknown}
 k - a scroll of teleportation {unknown}
 p - a scroll of acquirement {unknown}
 t - 3 scrolls of fog {unknown}
Potions
 b - a potion of magic
 d - a potion of berserk rage {unknown}
 h - a potion of brilliance {unknown}
 l - a potion of resistance {unknown}
 m - a potion of degeneration {unknown}
 q - a potion of might {unknown}


   Skills:
 - Level 2.4 Dodging
 - Level 2.4 Stealth
 + Level 4.9 Spellcasting
 + Level 6.1 Necromancy


You had 8 spell levels left.
You knew the following spells:

 Your Spells              Type           Power      Damage    Failure   Level
a - Necrotise             Necr           100%       1d9       1%          1
b - Vampiric Draining     Necr           32%        2d8       2%          3

Your spell library contained the following spells:

 Spells                   Type           Power      Damage    Failure   Level
 Animate Dead             Necr           32%        N/A       9%          4
 Agony                    Necr           32%        N/A       22%         5


Dungeon Overview and Level Annotations

Branches:
Dungeon (4/15)
 Temple: D:4-7

Altars:

Shops:
D:2 :

Annotations:
D:2 exclusion: downstairs


Message History

Confirm with . or Enter, or press ? or * to list all spells.
Aiming: Necrotise (safe; 1% risk of failure)
Press: ? - help, Shift-Dir - straight line, f/p - worm
Aim: a worm (moderately wounded, chance to affect: 88%)
The worm writhes in agony.
Casting: Necrotise (safe; 1% risk of failure)
Confirm with . or Enter, or press ? or * to list all spells.
Okay, then.
Sorry, you're not good enough to have a special ability.
Unknown command.
A quokka comes into view.
The scorpion attacks as you move away! The scorpion stings you.
You are poisoned.
The scorpion poisons you! The quokka attacks as you move away!
The quokka misses you.
You feel very sick. The quokka attacks as you move away! The quokka bites you.
You feel sick.
You feel sick.
You feel sick.
You feel sick. The quokka misses you. The scorpion attacks as you move away!
The scorpion barely misses you.
You feel sick.
There is a stone staircase leading down here.
You feel sick.
The quokka bites you but does no damage.
The scorpion stings you.
* * * LOW HITPOINT WARNING * * *
You are lethally poisoned!
The scorpion poisons you!
You climb downwards.
* * * LOW HITPOINT WARNING * * *
You feel sick.
There is a stone staircase leading up here.
Casting: Necrotise (safe; 1% risk of failure)
Confirm with . or Enter, or press ? or * to list all spells.
Aiming: Necrotise (safe; 1% risk of failure)
Press: ? - help, Shift-Dir - straight line, f - scorpion
Aim: a scorpion (chance to affect: 83%)
The scorpion barely resists.
You die...

########
#@s....#
##B.##.#
.r# ....
#####


You could see a scorpion, a quokka and a giant cockroach (asleep).

Vanquished Creatures
  2 adders (D:2)
  3 worms (D:2)
  2 dart slugs
  4 orcs (D:3)
  6 ball pythons
  9 endoplasms
  A giant cockroach (D:3)
  3 goblins (D:2)
  3 hobgoblins
  5 kobolds (D:1)
  3 quokkas (D:2)
  4 bats
  3 frilled lizards
  5 rats
53 creatures vanquished.

Vanquished Creatures (collateral kills)
  A hobgoblin (D:1)
  A kobold (D:3)
  A rat (D:1)
3 creatures vanquished.

Grand Total: 56 creatures vanquished

Notes
Turn   | Place    | Note
-------+----------+-------------------------------------------
     0 | D:1      | CatalinOSBI the Deep Elf Necromancer began the quest for
                  | the Orb.
     0 | D:1      | Reached XP level 1. HP: 10/10 MP: 6/6
    33 | D:1      | Reached skill level 5 in Necromancy
    52 | D:1      | Reached XP level 2. HP: 12/15 MP: 1/8
   903 | D:2      | Found Omuqew's Book Boutique.
   908 | D:2      | Reached XP level 3. HP: 19/19 MP: 6/10
  1874 | D:2      | Reached XP level 4. HP: 24/24 MP: 10/12
  2191 | D:2      | Reached skill level 6 in Necromancy
  2199 | D:2      | Learned a level 3 spell: Vampiric Draining
  2650 | D:3      | Noticed a scorpion
  2674 | D:4      | Succumbed to a scorpion's poison

Illustrated notes

Levels and vault maps discovered:
D:1:      ncdulo_halloftheorcs, layout_rooms, minmay_splitting_lines
D:2:      layout_loops_cross, serial_shops, nicolae_square_shop,
          kennysheep_generic_room_9
D:3:      layout_rooms, minmay_liquid_box, serial_bayou_pond_d
D:4:      layout_basic, kennysheep_nondescript, uniq_crazy_yiuf_cottage

Skill      XL: |  1  2  3  4 |
---------------+-------------+-----
Necromancy     | 5 6 |  6.1
Spellcasting   | 4 |  4.9
Dodging        | |  2.4
Stealth        | |  2.4

Action                   |  1- 3 |  4- 6 || total
-------------------------+-------+-------++-------
Melee: Short sword       |    10 |     1 ||    11
 Fire: Shortbow          |     6 |       ||     6
Throw: Dart              |     2 |     1 ||     3
 Cast: Necrotise         |    72 |    38 ||   110
Armor: Robe              |     7 |     9 ||    16
Dodge: Dodged            |    17 |    23 ||    40
